 Dungeon Crawl Stone Soup version 0.28-a0-828-g0121872642 (webtiles) character file.

Game seed: 1631550096556555948

5980 bjtr the Destroyer (level 10, -3/76 HPs)
             Began as a Gnoll Conjurer on Nov 11, 2021.
             Was a Believer of Vehumet.
             Slain by a hornet (12 damage)
             ... while paralysed by a hornet
             ... on level 10 of the Dungeon.
             The game lasted 00:37:30 (9873 turns).

bjtr the Destroyer (Gnoll Conjurer)                 Turns: 9873, Time: 00:37:31

Health: -3/76      AC: 21    Str:  5    XL:     10   Next: 85%
Magic:  13/21      EV:  2    Int: 26    God:    Vehumet [**....]
Gold:   356        SH:  0    Dex: 10    Spells: 6/24 levels left

rFire   . . .      SeeInvis .   a - +5 rapier of Iruurrin {pain, +Blink rPois Str-2 Int+5}
rCold   . . .      Faith    .   M - +0 kite shield
rNeg    . . .      Spirit   .   E - +0 steam dragon scales
rPois   +          Reflect  .   (no helmet)
rElec   .          Harm     .   l - +1 cloak
rCorr   .          Rampage  .   r - +1 pair of gloves
Will    .....                   n - +1 pair of boots
Stlth   +++.......              (no amulet)
HPRegen 0.22/turn               D - +4 ring of protection
MPRegen 0.17/turn               C - +4 ring of protection

@: paralysed, lethally poisoned (-3 -> -7), very slightly contaminated
A: fangs 1, strong nose, distributed training
a: Renounce Religion, Evoke Blink


You were on level 10 of the Dungeon.
You worshipped Vehumet.
Vehumet was pleased with you.
You visited 2 branches of the dungeon, and saw 11 of its levels.

You collected 356 gold pieces.

Inventory:

Hand Weapons
 a - the +5 rapier of Iruurrin (weapon) {pain, +Blink rPois Str-2 Int+5}
   (You found it on level 4 of the Dungeon)

   In the hands of one skilled in necromantic magic, it inflicts extra damage on
   living creatures.
   Str:       It affects your strength (-2).
   Int:       It affects your intelligence (+5).
   rPois:     It protects you from poison.
   +Blink:    It lets you blink.
 b - a +2 spectral falchion
 c - a +0 flail
 d - a +0 hunting sling
 f - a +0 scythe
 Q - a +0 hand crossbow
Missiles
 e - 242 stones
 i - 85 bolts
 q - 76 sling bullets
 s - 45 poisoned darts
 y - 3 atropa-tipped darts
 z - 5 curare-tipped darts
 A - 10 boomerangs
 O - a throwing net
Armour
 j - a +2 robe of willpower
 l - a +1 cloak (worn)
 n - a +1 pair of boots (worn)
 r - a +1 pair of gloves (worn)
 E - +0 steam dragon scales (worn)
 M - a +0 kite shield (worn)
Magical Staves
 J - a staff of poison
Jewellery
 h - a +6 ring of strength
 k - a ring of flight
 m - a ring of flight
 t - an amulet of guardian spirit
 B - a +6 ring of dexterity
 C - a +4 ring of protection (right hand)
 D - a +4 ring of protection (left hand)
Wands
 N - a wand of flame (17)
 P - a wand of iceblast (4)
Scrolls
 H - a scroll of fear
 K - a scroll of enchant weapon
 L - a scroll of brand weapon
 R - a scroll of amnesia
Potions
 g - a potion of haste
 o - a potion of attraction
 p - 2 potions of curing
 u - a potion of lignification
 v - 5 potions of cancellation
 w - a potion of berserk rage
 x - 3 potions of might
 F - a potion of brilliance
 G - a potion of ambrosia
 I - 4 potions of heal wounds


   Skills:
 + Level 5.6 Fighting
 + Level 5.6 Short Blades
 + Level 5.6 Long Blades
 + Level 5.6 Axes
 + Level 5.6 Maces & Flails
 + Level 5.6 Polearms
 + Level 5.6 Staves
 + Level 5.6 Slings
 + Level 5.6 Bows
 + Level 5.6 Crossbows
 + Level 5.6 Throwing
 + Level 5.6 Armour
 + Level 7.3 Dodging
 + Level 7.1 Stealth
 + Level 5.6 Shields
 + Level 5.6 Unarmed Combat
 + Level 7.6 Spellcasting
 + Level 8.6 Conjurations
 + Level 4.6 Hexes
 + Level 4.6 Summonings
 + Level 4.6 Necromancy
 + Level 4.6 Translocations
 + Level 4.6 Transmutations
 + Level 4.6 Fire Magic
 + Level 4.6 Ice Magic
 + Level 4.6 Air Magic
 + Level 4.6 Earth Magic
 + Level 4.6 Poison Magic
 + Level 6.2 Invocations
 + Level 5.6 Evocations


You had 6 spell levels left.
You knew the following spells:

 Your Spells              Type           Power      Damage    Failure   Level
b - Searing Ray           Conj           100%       2d8       1%          2
c - Mephitic Cloud        Conj/Pois/Air  41%        N/A       4%          3
d - Call Imp              Summ           34%        N/A       4%          2
e - Iskenderun's Mystic   Conj/Tloc      44%        2d10      12%         4
f - Flame Wave            Conj/Fire      44%        3d9       12%         4
g - Swiftness             Air            34%        N/A       9%          3

Your spell library contained the following spells:

 Spells                   Type           Power      Damage    Failure   Level
 Static Discharge         Conj/Air       44%        N/A       1%          2
 Foxfire                  Conj/Fire      100%       2x1d9     1%          1
 Magic Dart               Conj           100%       1d8       1%          1
 Shock                    Conj/Air       100%       1d9       1%          1
 Conjure Flame            Conj/Fire      44%        6-21      3%          3
 Dazzling Flash           Conj/Hex       88%        N/A       3%          3
 Inner Flame              Hex/Fire       34%        N/A       9%          3
 Fulminant Prism          Conj/Hex       22%        3d13      12%         4
 Airstrike                Air            17%        N/A       28%         4


Dungeon Overview and Level Annotations

Branches:
Dungeon (10/15)            Temple (1/1) D:5
   Lair: D:8-11         Orc: D:9-12

Altars:
Ashenzari
Cheibriados
Dithmenos
Elyvilon
Fedhas
Gozag
Hepliaklqana
Kikubaaqudgha
Makhleb
Nemelex Xobeh
Okawaru
Qazlal
Ru
Sif Muna
Trog
Uskayaw
Vehumet
Wu Jian
Xom
Yredelemnul
Zin
The Shining One

Shops:
D:1 *:   D:8 **


Innate Abilities, Weirdness & Mutations

You have very sharp teeth.
Your uncanny sense of smell can sniff out nearby items.
Your experience applies equally to all skills.


Message History

You block the five-headed hydra's attack.
The five-headed hydra bites you.
The five-headed hydra bites you but does no damage. x2
The centaur wields a +0 shortbow.
The centaur shoots an arrow.
The arrow hits you.
The hornet stings you but does no damage.
The five-headed hydra bites you!
The five-headed hydra bites you but does no damage.
The five-headed hydra closely misses you.
The five-headed hydra bites you but does no damage.
The five-headed hydra bites you!
* * * LOW HITPOINT WARNING * * *
Unknown command.
Unknown command.
Unknown command.
A wave of flame ripples out!
The flame wave engulfs the five-headed hydra!
The five-headed hydra is heavily wounded.
The flame wave engulfs the hornet!
The hornet is almost dead.
The flame wave engulfs the orc!!
You kill the orc!
Vehumet accepts your kill.
You finish channelling waves of flame.
You feel yourself speed up.
You feel very sick.
You hear a howl!
The centaur shoots an arrow.
The arrow hits you but does no damage. The hornet barely misses you.
A kobold demonologist comes into view. It is wielding a +0 dagger.
The centaur shoots an arrow.
The arrow hits you but does no damage. The hornet stings you.
* * * LOW HITPOINT WARNING * * *
You suddenly lose the ability to move!
The five-headed hydra bites you.
* * * LOW HITPOINT WARNING * * *
The five-headed hydra bites you but does no damage. x3
The five-headed hydra bites you.
* * * LOW HITPOINT WARNING * * *
You feel sick. The hornet stings you!
You die...

≈≈≈≈≈.≈≈≈≈ #....#
......≈≈.####....## #..
.... #..........###...
...# #................
...## ##......$.........
....###...............K.
........................
.............#...y......
............###.@Do.o...
.............#...).o....
.....................#..
....................##
....................c#
.......................
#.......................
#.....# ...........!...
....#


You could see a five-headed hydra, a kobold demonologist, a hornet, a centaur, 2
orc priests and an orc.

Vanquished Creatures
  The ghost of Leeroy the Grappler, a novice DrTm (D:6)
  Maurice (D:8)
  Prince Ribbit (D:8)
  Grinder (D:4)
  Sigmund (D:3)
  2 yaks (D:9)
  A shadow (D:10)
  A wyvern (D:9)
  A steam dragon (D:5)
  Menkaure (D:6)
  A water moccasin (D:7)
  3 orc warriors
  An ice beast (D:5)
  A black bear (D:5)
  An ogre (D:7)
  3 centaurs
  2 kobold brigands (D:9)
  4 scorpions
  3 water moccasin zombies
  15 killer bees
  4 wights (D:9)
  3 howler monkeys (D:9)
  4 centaur zombies
  4 hounds
  3 jellies
  7 orc priests
  2 centaur skeletons (D:5)
  A scorpion zombie (D:5)
  Jessica (D:3)
  2 bullfrog skeletons (D:5)
  2 iguanas
  8 orc wizards
  Terence (D:2)
  A killer bee zombie (D:6)
  A howler monkey zombie (D:5)
  5 gnolls
  4 adders
  2 shadow imps
  2 white imps
  An adder skeleton (D:4)
  A worm (D:2)
  2 dart slugs
  24 orcs
  6 endoplasms
  3 giant cockroaches
  8 goblins
  4 hobgoblins
  3 quokkas
  12 ball pythons
  A bat (D:1)
  12 kobolds
  5 rats
184 creatures vanquished.

Vanquished Creatures (others)
  6 plants (D:5)
  7 withered plants (D:5)
13 creatures vanquished.

Grand Total: 197 creatures vanquished

Notes
Turn   | Place    | Note
-------+----------+-------------------------------------------
     0 | D:1      | bjtr the Gnoll Conjurer began the quest for the Orb.
     0 | D:1      | Reached XP level 1. HP: 13/13 MP: 6/6
   114 | D:1      | Reached XP level 2. HP: 20/20 MP: 3/7
   164 | D:1      | Found Tiatecoq's Book Shop.
   171 | D:1      | Found Teleidupt's Assorted Antiques.
   310 | D:1      | Learned a level 2 spell: Searing Ray
   437 | D:1      | Reached XP level 3. HP: 25/25 MP: 5/9
   536 | D:1      | Reached skill level 5 in Spellcasting
   927 | D:1      | Found a faded altar of an unknown god.
  1230 | D:2      | Reached skill level 1 in Invocations
  1283 | D:2      | Found an opulent altar of Gozag.
  1342 | D:2      | Noticed Terence
  1347 | D:2      | Killed Terence
  1348 | D:2      | Reached skill level 1 in Fighting
  1348 | D:2      | Reached skill level 1 in Short Blades
  1348 | D:2      | Reached skill level 1 in Long Blades
  1348 | D:2      | Reached skill level 1 in Axes
  1348 | D:2      | Reached skill level 1 in Maces & Flails
  1348 | D:2      | Reached skill level 1 in Polearms
  1348 | D:2      | Reached skill level 1 in Staves
  1348 | D:2      | Reached skill level 1 in Slings
  1348 | D:2      | Reached skill level 1 in Bows
  1348 | D:2      | Reached skill level 1 in Crossbows
  1348 | D:2      | Reached skill level 1 in Throwing
  1348 | D:2      | Reached skill level 1 in Armour
  1348 | D:2      | Reached skill level 1 in Shields
  1348 | D:2      | Reached skill level 1 in Unarmed Combat
  1348 | D:2      | Reached skill level 1 in Evocations
  1348 | D:2      | Reached XP level 4. HP: 32/32 MP: 4/11
  2102 | D:2      | Reached skill level 1 in Hexes
  2102 | D:2      | Reached skill level 1 in Summonings
  2102 | D:2      | Reached skill level 1 in Necromancy
  2102 | D:2      | Reached skill level 1 in Translocations
  2102 | D:2      | Reached skill level 1 in Transmutations
  2102 | D:2      | Reached skill level 1 in Fire Magic
  2102 | D:2      | Reached skill level 1 in Ice Magic
  2102 | D:2      | Reached skill level 1 in Air Magic
  2102 | D:2      | Reached skill level 1 in Earth Magic
  2102 | D:2      | Reached skill level 1 in Poison Magic
  2429 | D:3      | Noticed Jessica
  2436 | D:3      | Killed Jessica
  2457 | D:3      | Reached XP level 5. HP: 28/37 MP: 10/12
  2722 | D:3      | Noticed Sigmund
  2805 | D:3      | Killed Sigmund
  2806 | D:3      | Reached XP level 6. HP: 10/44 MP: 0/14
  3256 | D:4      | Reached skill level 5 in Dodging
  3315 | D:4      | Learned a level 3 spell: Mephitic Cloud
  3318 | D:4      | Learned a level 2 spell: Call Imp
  3323 | D:4      | Learned a level 4 spell: Iskenderun's Mystic Blast
  3398 | D:4      | Noticed Grinder
  3408 | D:4      | Killed Grinder
  3409 | D:4      | Reached XP level 7. HP: 36/51 MP: 7/15
  3563 | D:4      | Identified the +5 rapier of Iruurrin {pain, +Blink rPois
                  | Str-2 Int+5}
  4100 | D:5      | Entered Level 5 of the Dungeon
  4149 | D:5      | Reached skill level 5 in Stealth
  4346 | D:5      | Reached XP level 8. HP: 57/57 MP: 11/16
  4396 | D:5      | Found a staircase to the Ecumenical Temple.
  4415 | Temple   | Entered the Ecumenical Temple
  4643 | Temple   | Became a worshipper of Vehumet
  4811 | D:5      | Found a shimmering altar of Xom.
  5014 | D:5      | Found a blossoming altar of Fedhas.
  5017 | D:5      | Found an ancient bone altar of Kikubaaqudgha.
  5299 | D:6      | Found a runed translucent gate.
  5328 | D:6      | You fall into a shaft and drop 3 floors!
  5611 | D:8      | Noticed Maurice
  5636 | D:7      | Reached XP level 9. HP: 65/65 MP: 15/18
  5709 | D:6      | Learned a level 4 spell: Flame Wave
  6226 | D:6      | Found a runed translucent gate.
  6226 | D:6      | Found a runed translucent gate.
  6230 | D:6      | Noticed Leeroy's ghost (novice DrTm)
  6241 | D:6      | Killed Leeroy's ghost
  6242 | D:6      | Reached skill level 8 in Conjurations
  6264 | D:6      | Noticed Menkaure
  6366 | D:6      | Killed Menkaure
  6543 | D:6      | Learned a level 3 spell: Swiftness
  6804 | D:6      | Reached * piety under Vehumet
  6804 | D:6      | Offered knowledge of Sandblast by Vehumet.
  7094 | D:7      | Reached skill level 5 in Invocations
  7230 | D:7      | Reached XP level 10. HP: 67/73 MP: 13/20
  7437 | D:7      | Offered knowledge of Static Discharge by Vehumet.
  7438 | D:7      | Reached skill level 5 in Fighting
  7438 | D:7      | Reached skill level 5 in Short Blades
  7438 | D:7      | Reached skill level 5 in Long Blades
  7438 | D:7      | Reached skill level 5 in Axes
  7438 | D:7      | Reached skill level 5 in Maces & Flails
  7438 | D:7      | Reached skill level 5 in Polearms
  7438 | D:7      | Reached skill level 5 in Staves
  7438 | D:7      | Reached skill level 5 in Slings
  7438 | D:7      | Reached skill level 5 in Bows
  7438 | D:7      | Reached skill level 5 in Crossbows
  7438 | D:7      | Reached skill level 5 in Throwing
  7438 | D:7      | Reached skill level 5 in Armour
  7438 | D:7      | Reached skill level 5 in Shields
  7438 | D:7      | Reached skill level 5 in Unarmed Combat
  7438 | D:7      | Reached skill level 5 in Evocations
  8393 | D:8      | Killed Maurice
  8507 | D:8      | Found Ineteruynn's General Store.
  8508 | D:8      | Found Gotokaac's Specific Store.
  8596 | D:8      | Noticed Prince Ribbit
  8606 | D:8      | Killed Prince Ribbit
  8606 | D:8      | Reached ** piety under Vehumet
  9678 | D:10     | Entered Level 10 of the Dungeon
  9865 | D:10     | Noticed a five-headed hydra
  9872 | D:10     | Noticed a kobold demonologist
  9872 | D:10     | Paralysed by a hornet for 3 turns
  9873 | D:10     | Slain by a hornet

Illustrated notes

Levels and vault maps discovered:
D:1:      onia_arrival_handbag, layout_loops_ring, serial_shops,
          nicolae_shop_statue_plus, shop,
          shapermc_ecumenical_altar_mp_urbaneastern
D:2:      layout_loops_corners, basic_altar, uniq_terence
D:3:      layout_rooms, uniq_sigmund, uniq_jessica
D:4:      layout_basic, uniq_grinder
D:5:      layout_rooms, grunt_temple_overflow_growth_and_decay,
          xom_teletrap_fun, minmay_temple_entry_ruins, serial_rivers,
          chequers_serial_rivers_micro_c, chequers_serial_rivers_micro_a,
          chequers_serial_rivers_micro_c, chequers_serial_rivers_large_a,
          chequers_serial_rivers_micro_c, chequers_serial_rivers_micro_a,
          chequers_jeans, minmay_fractal_squares_5
D:6:      layout_layer_cave, ebering_ghost_rock_garden, uniq_menkaure
D:7:      layout_rooms
D:8:      layout_cave_pools, nicolae_specific_store, uniq_prince_ribbit1,
          uniq_maurice
D:9:      layout_long_grid
D:10:     layout_big_octagon, lair_entry_dummy, chequers_serial_rivers_small_3,
          minivault_22, st_stairs_13, uniq_fannar
Temple:   mainiacjoe_temple_bowtie_tessellation

Skill      XL: |  1  2  3  4  5  6  7  8  9 10 |
---------------+-------------------------------+-----
Spellcasting   | 5 6 7 |  7.6
Invocations    | 1 2 3 4 5 6 |  6.2
Fighting       | 1 2 3 4 5 |  5.6
Short Blades   | 1 2 3 4 5 |  5.6
Long Blades    | 1 2 3 4 5 |  5.6
Axes           | 1 2 3 4 5 |  5.6
Maces & Flails | 1 2 3 4 5 |  5.6
Polearms       | 1 2 3 4 5 |  5.6
Staves         | 1 2 3 4 5 |  5.6
Slings         | 1 2 3 4 5 |  5.6
Bows           | 1 2 3 4 5 |  5.6
Crossbows      | 1 2 3 4 5 |  5.6
Throwing       | 1 2 3 4 5 |  5.6
Armour         | 1 2 3 4 5 |  5.6
Shields        | 1 2 3 4 5 |  5.6
Unarmed Combat | 1 2 3 4 5 |  5.6
Evocations     | 1 2 3 4 5 |  5.6
Hexes          | 1 2 3 4 |  4.6
Summonings     | 1 2 3 4 |  4.6
Necromancy     | 1 2 3 4 |  4.6
Translocations | 1 2 3 4 |  4.6
Transmutations | 1 2 3 4 |  4.6
Fire Magic     | 1 2 3 4 |  4.6
Ice Magic      | 1 2 3 4 |  4.6
Air Magic      | 1 2 3 4 |  4.6
Earth Magic    | 1 2 3 4 |  4.6
Poison Magic   | 1 2 3 4 |  4.6
Dodging        | 5 6 7 |  7.3
Stealth        | 5 6 7 |  7.1
Conjurations   | 8 |  8.6

Action                   |  1- 3 |  4- 6 |  7- 9 | 10-12 || total
-------------------------+-------+-------+-------+-------++-------
Melee: Flail             |    26 |    11 |       |       ||    37
       Bite              |     3 |     2 |     5 |     3 ||    13
       Falchion          |       |    26 |    11 |       ||    37
       Rapier            |       |       |   113 |    99 ||   212
       Punch             |       |       |     1 |       ||     1
 Cast: Magic Dart        |    20 |       |       |       ||    20
       Searing Ray       |     5 |    12 |    23 |     2 ||    42
       Flame Wave        |       |       |     9 |     7 ||    16
       Swiftness         |       |       |     1 |       ||     1
       Mephitic Cloud    |       |       |       |     2 ||     2
       Call Imp          |       |       |       |     1 ||     1
  Use: Scroll            |       |     8 |     9 |     5 ||    22
 Stab: Sleeping          |     5 |     1 |     3 |     1 ||    10
Armor: Robe              |     9 |       |       |       ||     9
       Ring mail         |     2 |    20 |    41 |       ||    63
       Steam dragon scal |       |       |    60 |    91 ||   151
Dodge: Dodged            |    25 |    25 |   106 |    87 ||   243
Block: Kite shield       |       |       |    30 |    63 ||    93

Table legend: (Time is in decaauts)
 A = Elapsed time spent in this place.
 B = Non-inter-level travel time spent in this place.
 C = Inter-level travel time spent in this place.
 D = Time resting spent in this place.
 E = Time spent auto-exploring this place.
 F = Levels seen in this place.
 G = Mean time per level.
                   A        B        C        D        E       F      G
               +--------+--------+--------+--------+--------+-----+--------+
         Total |   9941 |   9740 |    201 |   2182 |   5690 |  11 |  903.7 |
       Dungeon |   9704 |   9540 |    164 |   2182 |   5502 |  10 |  970.4 |
        Temple |    237 |    200 |     37 |      0 |    188 |   1 |  237.0 |
               +--------+--------+--------+--------+--------+-----+--------+

Top non-repeatable levels by time:
     D:6: 1406 daAuts
     D:1: 1235 daAuts
     D:2: 1201 daAuts
     D:9: 1136 daAuts
     D:7: 1130 daAuts
     D:5: 983 daAuts
     D:4: 863 daAuts
     D:3: 819 daAuts
     D:8: 731 daAuts
  Temple: 237 daAuts
    D:10: 197 daAuts
